 Dungeon Crawl Stone Soup version 0.31.0-2-g5a2aebc5c2 (webtiles) character file.

Game seed: 3020219007671651952

30249 Aviak the Summoner (level 13, -1/99 HPs)
             Began as a Gnoll Summoner on Jan 20, 2024.
             Was an Elder of Vehumet.
             Killed from afar by a fire giant (25 damage)
             ... with a bolt of fire
             ... on level 12 of the Dungeon.
             The game lasted 00:48:24 (16603 turns).

Aviak the Summoner (Gnoll Summoner)                Turns: 16603, Time: 00:48:24

Health: -1/99      AC: 13    Str:  8    XL:     13   Next: 50%
Magic:  26/36      EV: 12    Int: 25    God:    Vehumet [****..]
Gold:   795        SH: 11    Dex: 12    Spells: 6/32 levels left

rFire   + . .        m - +7 dagger "Lotoogoh" {pain, rElec rCorr Int+4 Dex-4}
rCold   . . .        u - +0 buckler
rNeg    . . .        r - +1 ring mail {rPois}
rPois   +            C - +0 helmet
rElec   +            c - +0 cloak
rCorr   +            d - +0 pair of gloves
SInv    .            R - +0 pair of boots
Will    .....        T - amulet of reflection
Stlth   +++          S - +6 ring of intelligence
HPRegen 0.36/turn    G - ring "Roaxzain" {rElec rF+ MP+9 Int-4 Dex+3}
MPRegen 0.25/turn

%: reflection
@: unable to call your familiar
A: fangs 1, strong nose, distributed training
a: Renounce Religion


You were on level 12 of the Dungeon.
You worshipped Vehumet.
Vehumet was greatly pleased with you.
You visited 1 branch of the dungeon, and saw 12 of its levels.
You also visited: Bailey and Ice Cave.

You collected 903 gold pieces.
You spent 108 gold pieces at shops.

Inventory:

Hand Weapons
 m - the +7 dagger "Lotoogoh" (weapon) {pain, rElec rCorr Int+4 Dex-4}
   (You found it on level 2 of the Dungeon)

   Int+4:     It affects your intelligence (+4).
   Dex-4:     It affects your dexterity (-4).
   rElec:     It insulates you from electricity.
   rCorr:     It protects you from acid and corrosion.
Missiles
 x - 3 throwing nets {!f}
Armour
 c - a +0 cloak (worn)
 d - a +0 pair of gloves (worn)
 r - a +1 ring mail of poison resistance (worn)
 u - a +0 buckler (worn)
 C - a +0 helmet (worn)
 J - +0 steam dragon scales
 M - an orb of mayhem
 R - a +0 pair of boots (worn)
 V - a +2 robe of resistance
 W - +0 ice dragon scales {rF- rC++}
Magical Staves
 U - the staff of the Gloaming {rElec rF+ rCorr Stlth+ Fire}
   (You found it on level 10 of the Dungeon)

   [staff of fire]

   Base accuracy: +5 Base damage: 5 Base attack delay: 1.2 This weapon's minimum
   attack delay (0.6) is reached at skill level 12.
   rF+:       It protects you from fire.
   rElec:     It insulates you from electricity.
   rCorr:     It protects you from acid and corrosion.
   Stlth+:    It makes you more stealthy.
   Fire:      It increases the power of your Fire spells.
   It falls into the 'Staves' category.
   It is a one-handed weapon.
Jewellery
 A - a +4 ring of protection
 G - a ring "Roaxzain" (right hand) {rElec rF+ MP+9 Int-4 Dex+3}
   (You found it on level 7 of the Dungeon)

   [ring of protection from fire]

   Int-4:     It affects your intelligence (-4).
   Dex+3:     It affects your dexterity (+3).
   rF+:       It protects you from fire.
   rElec:     It insulates you from electricity.
   MP+9:      It affects your magic capacity (+9).
 H - a ring of positive energy
 O - a ring of flight
 P - a ring of poison resistance
 S - a +6 ring of intelligence (left hand)
 T - an amulet of reflection (around neck)
 Z - a ring of see invisible
Talismans
 F - a serpent talisman
Wands
 t - a wand of paralysis (13)
 y - a wand of polymorph (8)
 I - a wand of flame (47)
 N - a wand of roots (8)
Scrolls
 a - a scroll of fog {unknown}
 g - 5 scrolls of poison
 i - 3 scrolls of identify
 j - 3 scrolls of immolation
 k - a scroll of enchant armour {unknown}
 l - 4 scrolls of vulnerability {!r}
 q - 3 scrolls of amnesia
 D - a scroll of summoning {unknown}
 E - 4 scrolls of teleportation {unknown}
 Q - a scroll of noise {unknown}
Potions
 b - 5 potions of magic
 e - 2 potions of might {unknown}
 f - 2 potions of haste
 h - 2 potions of heal wounds
 n - 7 potions of curing {unknown}
 o - 2 potions of attraction {unknown}
 p - 3 potions of enlightenment
 s - 2 potions of lignification {unknown}
 v - 8 potions of cancellation {unknown}
 w - a potion of experience {unknown}
 z - 2 potions of brilliance {unknown}
 B - 3 potions of degeneration {unknown}
 K - 4 potions of mutation {unknown}
 L - a potion of invisibility {unknown}


   Skills:
 + Level 8.6 Fighting
 + Level 8.6 Short Blades
 + Level 8.6 Long Blades
 + Level 8.6 Axes
 + Level 8.6 Maces & Flails
 + Level 8.6 Polearms
 + Level 8.6 Staves
 + Level 8.6 Ranged Weapons
 + Level 8.6 Throwing
 + Level 8.6 Armour
 + Level 9.8 Dodging
 + Level 9.7 Stealth
 + Level 8.6 Shields
 + Level 8.6 Unarmed Combat
 + Level 10.0 Spellcasting
 + Level 7.2 Conjurations
 + Level 7.2 Hexes
 + Level 10.2 Summonings
 + Level 7.2 Necromancy
 + Level 7.2 Translocations
 + Level 7.2 Fire Magic
 + Level 7.2 Ice Magic
 + Level 7.2 Air Magic
 + Level 7.2 Earth Magic
 + Level 7.2 Alchemy
 + Level 9.5 Invocations
 + Level 8.6 Evocations
 + Level 7.9 Shapeshifting


You had 6 spell levels left.
You knew the following spells:

 Your Spells              Type           Power      Damage    Failure   Level
b - Call Imp              Summ           100%       N/A       1%          2
c - Call Canine Familiar  Summ           59%        N/A       1%          3
d - Necrotise             Necr           100%       1d9       1%          1
f - Mephitic Cloud        Conj/Alch/Air  48%        N/A       1%          3
g - Summon Lightning Spi  Summ/Air       54%        N/A       4%          4
h - Martyr's Knell        Necr/Summ      54%        N/A       4%          4
q - Sticky Flame          Fire/Alch      48%        2d9       2%          4
x - Arcjolt               Conj/Air       24%        1d34      7%          5

Your spell library contained the following spells:

 Spells                   Type           Power      Damage    Failure   Level
 Freezing Cloud           Conj/Ice/Air   24%        6-21      7%          5
 Apportation              Tloc           96%        N/A       1%          1
 Shock                    Conj/Air       100%       1d9       1%          1
 Sting                    Conj/Alch      100%       1d9       1%          1
 Summon Small Mammal      Summ           100%       N/A       1%          1
 Ensorcelled Hibernation  Hex/Ice        96%        N/A       1%          2
 Jinxbite                 Hex            96%        N/A       1%          2
 Fugue of the Fallen      Necr           48%        N/A       2%          3
 Swiftness                Air            48%        N/A       2%          3
 Vampiric Draining        Necr           48%        2d9       2%          3
 Airstrike                Air            24%        2d(4-20)  2%          4
 Summon Blazeheart Golem  Fire/Summ      54%        N/A       4%          4
 Anguish                  Hex/Necr       24%        N/A       9%          4
 Alistair's Intoxication  Alch           32%        N/A       24%         5
 Curse of Agony           Necr           48%        N/A       24%         5
 Spellforged Servitor     Conj/Summ      27%        N/A       67%         7
 Orb of Destruction       Conj           24%        9d9       85%         7
 Haunt                    Necr/Summ      27%        N/A       99%         7
 Borgnjor's Revivificati  Necr           24%        N/A       100%        8
 Death's Door             Necr           24%        N/A       100%        9


Dungeon Overview and Level Annotations

Branches:
Dungeon (12/15)            Temple (0/1) D:5            Lair (0/5) D:11
    Orc (0/2) D:10         Bailey (visited)           IceCv (visited)

Altars:
Ashenzari
Cheibriados
Gozag
Okawaru
Ru
Vehumet

Shops:
D:2 [   D:3 *([[   D:4 (

Annotations:
D:6 1 runed translucent door, jt's ghost, novice MiWr
D:8 3 runed translucent doors, Arcadio's ghost, novice MiBe


Innate Abilities, Weirdness & Mutations

You have very sharp teeth.
Your uncanny sense of smell can sniff out nearby items.
Your experience applies equally to all skills.


Message History

The fireball explodes!
The fireball engulfs you! You resist.
The fireball engulfs your lightning spire!
Your lightning spire resists.
The fire giant casts a spell at you.
The fireball explodes!
The fireball engulfs you!! You resist.
You see here a +0 shortbow.
Your lightning spire shoots out a bolt of lightning at the fire giant!
The bolt of electricity hits the fire giant!
There is an open door, spattered with blood here.
Your lightning spire shoots out a bolt of lightning at the fire giant!
The bolt of electricity hits the fire giant! x2
The bolt of electricity hits your lightning spire.
Your lightning spire completely resists.
Things that are here:
a +0 flail; a boulder beetle corpse
Casting: Summon Lightning Spire (dangerous; 4% risk of failure)
Confirm with . or Enter, or press ? or * to list all spells.
You call for your canine familiar and it appears with a howl!
Casting: Call Canine Familiar (safe; 1% risk of failure)
Confirm with . or Enter, or press ? or * to list all spells.
A tiny devil pulls itself out of the air.
You swap places.
Your cerulean imp barely misses the fire giant.
There is an open door here.
The fire giant hits your inugami with a +2 great sword of flaming!
The fire giant burns your inugami.
Your inugami hits the fire giant.
Your cerulean imp hits the fire giant but does no damage.
The fire giant gestures at you while chanting.
The bolt of fire hits your inugami!!
Your inugami dies!
Your inugami disappears in a puff of smoke!
The bolt of fire hits you! You resist.
* * * LOW HITPOINT WARNING * * *
Your lightning spire shoots out a bolt of lightning at the fire giant!
The bolt of electricity hits the fire giant.
Your cerulean imp hits the fire giant but does no damage.
Your magical contamination has completely faded away.
The fire giant gestures at you while chanting.
The bolt of fire hits you!! You resist.
You die...

..# #.##.....## ..#
#.#..8..[.# ..#
####.#...[...#
..#####..'.##.÷C5.##
..'.....##.~###'###
..#########~~8#)#
..# #~###'### ###
###.....## ##
#....@..# .#
#.......# '###
######..)..##
...#####..'~###)###
...#.....##...).#
...'.######.....#
...### #....## ...#
#....# ...# #....#


You could see a fire giant (ally target) and a friendly lightning spire
(summoned).

Vanquished Creatures
  A frost giant (IceCv)
  Josephine (D:11)
  Snorg (D:11)
  2 boulder beetles (D:12)
  2 two-headed ogres
  A centaur warrior (D:12)
  4 death yaks (IceCv)
  A nameless horror (IceCv)
  Pikel (D:8)
  A manticore (D:12)
  A deep elf pyromancer (D:11)
  2 ugly things
  Maggie (D:7)
  An ice statue (IceCv)
  A kobold demonologist (D:12)
  3 rime drakes (IceCv)
  5 trolls
  2 hornets
  4 polar bears
  7 wraiths
  2 shadows
  4 fire bats (D:10)
  17 yaks
  7 vampire mosquitoes
  A steam dragon (D:10)
  Menkaure (D:5)
  2 water moccasins
  A hell hound (D:10)
  2 acid dragons (D:12)
  7 orc warriors
  2 sky beasts
  3 ice beasts
  An ogre (D:5)
  3 centaurs
  9 wolves
  2 bullfrogs
  3 kobold brigands
  2 scorpions (D:5)
  A wight (D:10)
  6 killer bees (D:11)
  2 howler monkeys
  3 jellies
  4 orc priests
  A bombardier beetle (D:4)
  4 hounds
  A gnoll bouda (D:5)
  A sleepcap (D:7)
  2 iguanas
  Natasha (twice) (D:2)
  3 orc wizards
  8 gnolls
  2 adders (D:3)
  A shadow imp (D:6)
  A white imp (D:5)
  An adder zombie (D:2)
  An adder skeleton (D:2)
  A dart slug (D:5)
  46 orcs
  3 bats
  A bat zombie (D:2)
  3 endoplasms
  2 giant cockroaches
  7 goblins
  4 jackals
  13 kobolds
  A quokka (D:4)
  3 ball pythons
  A ball python zombie (D:2)
  2 frilled lizards
  3 rats
245 creatures vanquished.

Vanquished Creatures (collateral kills)
  2 two-headed ogres
  An ice dragon (D:11)
  3 death yaks (IceCv)
  A cyclops (D:12)
  An unseen horror (D:12)
  2 rime drakes (IceCv)
  Grinder (D:6)
  2 polar bears (IceCv)
  A shadow (D:12)
  A yak (IceCv)
  A fire elemental (D:10)
  2 vampire mosquitoes (D:12)
  2 orc warriors
  A sky beast (D:6)
  A wolf (IceCv)
  A centaur (D:6)
  3 wights (D:10)
  2 lava snakes (D:10)
  A jelly (D:5)
  3 orc priests
  Terence (D:2)
  Natasha (D:2)
  An iguana (D:5)
  5 orc wizards
  An adder (D:2)
  10 gnolls
  2 dart slugs (D:1)
  16 orcs
  3 ball pythons (D:1)
  3 bats (D:1)
  6 endoplasms (D:1)
  2 giant cockroaches (D:1)
  7 goblins
  A quokka (D:1)
  A bat simulacrum (D:2)
  2 frilled lizards (D:1)
  3 kobolds (D:9)
  A spectral quokka (D:2)
98 creatures vanquished.

Vanquished Creatures (others)
  An orc wizard (D:7)
1 creature vanquished.

Grand Total: 344 creatures vanquished

Notes
Turn   | Place    | Note
-------+----------+-------------------------------------------
     0 | D:1      | Aviak the Gnoll Summoner began the quest for the Orb.
     0 | D:1      | Reached XP level 1. HP: 13/13 MP: 6/6
   107 | D:1      | Reached XP level 2. HP: 11/19 MP: 2/7
   154 | D:1      | Learned a level 2 spell: Call Imp
   474 | D:1      | Reached skill level 5 in Spellcasting
   474 | D:1      | Reached XP level 3. HP: 19/25 MP: 6/9
   751 | D:1      | Reached skill level 1 in Invocations
  1441 | D:2      | Noticed Terence
  1491 | D:2      | Killed Terence
  1492 | D:2      | Reached skill level 1 in Fighting
  1492 | D:2      | Reached skill level 1 in Short Blades
  1492 | D:2      | Reached skill level 1 in Long Blades
  1492 | D:2      | Reached skill level 1 in Axes
  1492 | D:2      | Reached skill level 1 in Maces & Flails
  1492 | D:2      | Reached skill level 1 in Polearms
  1492 | D:2      | Reached skill level 1 in Staves
  1492 | D:2      | Reached skill level 1 in Ranged Weapons
  1492 | D:2      | Reached skill level 1 in Throwing
  1492 | D:2      | Reached skill level 1 in Armour
  1492 | D:2      | Reached skill level 1 in Shields
  1492 | D:2      | Reached skill level 1 in Unarmed Combat
  1492 | D:2      | Reached skill level 1 in Evocations
  1492 | D:2      | Reached skill level 1 in Shapeshifting
  1492 | D:2      | Reached XP level 4. HP: 15/32 MP: 1/11
  1653 | D:2      | Identified the +7 dagger "Lotoogoh" {pain, rElec rCorr
                  | Int+4 Dex-4}
  1690 | D:2      | Noticed Natasha
  1699 | D:2      | Killed Natasha
  1700 | D:2      | Reached skill level 1 in Conjurations
  1700 | D:2      | Reached skill level 1 in Hexes
  1700 | D:2      | Reached skill level 1 in Necromancy
  1700 | D:2      | Reached skill level 1 in Translocations
  1700 | D:2      | Reached skill level 1 in Fire Magic
  1700 | D:2      | Reached skill level 1 in Ice Magic
  1700 | D:2      | Reached skill level 1 in Air Magic
  1700 | D:2      | Reached skill level 1 in Earth Magic
  1700 | D:2      | Reached skill level 1 in Alchemy
  1793 | D:2      | Noticed Natasha
  1797 | D:2      | Killed Natasha
  1798 | D:2      | Reached XP level 5. HP: 30/37 MP: 9/12
  1802 | D:2      | Learned a level 3 spell: Call Canine Familiar
  1804 | D:2      | Learned a level 1 spell: Necrotise
  2084 | D:2      | Noticed Natasha
  2097 | D:2      | Killed Natasha
  2221 | D:2      | Found Hypovves's Armour Shoppe.
  2726 | D:3      | Found Wefeffosm's Weapon Boutique.
  2764 | D:3      | Found Serajusch's Assorted Antiques.
  2786 | D:3      | Bought an amethyst potion for 18 gold pieces
  2786 | D:3      | Bought a fizzy red potion for 18 gold pieces
  2786 | D:3      | Bought a cyan potion for 18 gold pieces
  2866 | D:3      | Found Okixtove's Armour Emporium.
  2989 | D:3      | Found Aptojuta's Armour Emporium.
  3021 | D:3      | Bought a +0 buckler for 54 gold pieces
  3103 | D:3      | Found a faded altar of an unknown god.
  3558 | D:4      | Reached XP level 6. HP: 39/44 MP: 11/14
  3815 | D:4      | Reached skill level 5 in Dodging
  4119 | D:4      | Found an iron altar of Okawaru.
  4119 | D:4      | Found a radiant altar of Vehumet.
  4119 | D:4      | Found a broken altar of Ashenzari.
  4126 | D:4      | Became a worshipper of Vehumet
  4176 | D:4      | Found Hall's Antique Weapon Emporium.
  4348 | D:5      | Entered Level 5 of the Dungeon
  4513 | D:5      | Reached XP level 7. HP: 42/50 MP: 9/15
  4554 | D:5      | Found a staircase to the Ecumenical Temple.
  5050 | D:5      | Reached skill level 5 in Stealth
  5143 | D:5      | Noticed Menkaure
  5157 | D:5      | Killed Menkaure
  5170 | D:5      | Reached * piety under Vehumet
  5170 | D:5      | Offered knowledge of Sting by Vehumet.
  5262 | D:5      | Learned a level 1 spell: Sting
  5306 | D:5      | Reached XP level 8. HP: 58/58 MP: 16/16
  5816 | D:6      | Found a runed translucent door.
  5819 | D:6      | Noticed jt's ghost (novice MiWr)
  5819 | D:6      | Noticed Grinder
  5832 | D:6      | Killed Grinder
  6107 | D:6      | Reached XP level 9. HP: 47/65 MP: 14/18
  6730 | D:7      | Noticed a hornet
  6745 | D:7      | Killed a hornet
  6747 | D:7      | Identified a ring "Roaxzain" {rElec rF+ MP+9 Int-4 Dex+3}
  7420 | D:7      | Reached skill level 5 in Invocations
  7551 | D:7      | Noticed Maggie
  7565 | D:7      | Killed Maggie
  7786 | D:8      | Found a flagged portal.
  7801 | Bailey   | Entered a bailey
  7944 | Bailey   | Reached ** piety under Vehumet
  7948 | Bailey   | Offered knowledge of Foxfire by Vehumet.
  8071 | D:8      | Noticed a two-headed ogre
  8084 | D:8      | Killed a two-headed ogre
  8085 | D:8      | Reached skill level 5 in Fighting
  8085 | D:8      | Reached skill level 5 in Short Blades
  8085 | D:8      | Reached skill level 5 in Long Blades
  8085 | D:8      | Reached skill level 5 in Axes
  8085 | D:8      | Reached skill level 5 in Maces & Flails
  8085 | D:8      | Reached skill level 5 in Polearms
  8085 | D:8      | Reached skill level 5 in Staves
  8085 | D:8      | Reached skill level 5 in Ranged Weapons
  8085 | D:8      | Reached skill level 5 in Throwing
  8085 | D:8      | Reached skill level 5 in Armour
  8085 | D:8      | Reached skill level 5 in Shields
  8085 | D:8      | Reached skill level 5 in Unarmed Combat
  8085 | D:8      | Reached skill level 5 in Evocations
  8085 | D:8      | Reached XP level 10. HP: 62/74 MP: 20/20
  8176 | D:8      | Noticed Pikel
  8198 | D:8      | Killed Pikel
  8484 | D:8      | Reached skill level 5 in Shapeshifting
  8637 | D:8      | Found a runed translucent gate.
  8637 | D:8      | Found a runed translucent gate.
  8637 | D:8      | Found an opulent altar of Gozag.
  8637 | D:8      | Found a runed translucent gate.
  8637 | D:8      | Noticed an orc knight
  8638 | D:8      | Noticed Arcadio's ghost (novice MiBe)
  9065 | D:9      | Noticed a two-headed ogre
  9099 | D:9      | Killed a two-headed ogre
  9344 | D:9      | Found a sacrificial altar of Ru.
  9352 | D:9      | Offered knowledge of Mephitic Cloud by Vehumet.
  9361 | D:9      | Learned a level 3 spell: Mephitic Cloud
  9680 | D:9      | Found a snail-covered altar of Cheibriados.
  9740 | D:10     | Entered Level 10 of the Dungeon
  9755 | D:10     | Identified the serpent talisman of Sorcery {rF+ Int-2 SInv}
  9770 | D:10     | Found a staircase to the Orcish Mines.
 10027 | D:10     | Reached skill level 5 in Conjurations
 10027 | D:10     | Reached skill level 5 in Hexes
 10027 | D:10     | Reached skill level 5 in Necromancy
 10027 | D:10     | Reached skill level 5 in Translocations
 10027 | D:10     | Reached skill level 5 in Fire Magic
 10027 | D:10     | Reached skill level 5 in Ice Magic
 10027 | D:10     | Reached skill level 5 in Air Magic
 10027 | D:10     | Reached skill level 5 in Earth Magic
 10027 | D:10     | Reached skill level 5 in Alchemy
 10030 | D:10     | Reached XP level 11. HP: 35/81 MP: 22/22
 10065 | D:10     | Reached *** piety under Vehumet
 10367 | D:10     | Offered knowledge of Sticky Flame by Vehumet.
 10414 | D:10     | Learned a level 4 spell: Sticky Flame
 10722 | D:10     | Identified the staff of the Gloaming {rElec rF+ rCorr
                  | Stlth+ Fire}
 11195 | D:11     | Found a frozen archway.
 11196 | D:11     | Noticed an ice dragon
 11233 | D:11     | Noticed a deep elf pyromancer
 11523 | D:11     | Learned a level 4 spell: Summon Lightning Spire
 11546 | D:11     | Killed a deep elf pyromancer
 11553 | D:11     | Killed an ice dragon
 11603 | D:11     | Reached **** piety under Vehumet
 11617 | IceCv    | Entered an ice cave
 11638 | IceCv    | Offered knowledge of Arcjolt by Vehumet.
 11645 | IceCv    | Learned a level 5 spell: Arcjolt
 11870 | IceCv    | Noticed a death yak
 11896 | IceCv    | Killed a death yak
 11897 | IceCv    | Reached XP level 12. HP: 18/91 MP: 12/24
 12160 | IceCv    | HP: 2/91 [ice statue/bolt of cold (9)]
 12476 | IceCv    | Noticed a death yak
 12501 | IceCv    | Killed a death yak
 13207 | IceCv    | Noticed a nameless horror
 13226 | IceCv    | Killed a nameless horror
 13291 | IceCv    | Noticed a death yak
 13305 | IceCv    | Killed a death yak
 13315 | IceCv    | Noticed a death yak
 13316 | IceCv    | Noticed a death yak
 13321 | IceCv    | Noticed a death yak
 13356 | IceCv    | Killed a death yak
 13371 | IceCv    | Killed a death yak
 13391 | IceCv    | Killed a death yak
 13718 | IceCv    | Noticed a frost giant
 13718 | IceCv    | Noticed a death yak
 13742 | IceCv    | Killed a frost giant
 13749 | IceCv    | Killed a death yak
 14451 | D:11     | Noticed Snorg
 14464 | D:11     | Killed Snorg
 14581 | D:11     | Found a staircase to the Lair.
 14931 | D:11     | Noticed Josephine
 14940 | D:11     | Killed Josephine
 14941 | D:11     | Reached XP level 13. HP: 94/98 MP: 22/26
 15252 | D:12     | Reached skill level 10 in Summonings
 15420 | D:12     | Learned a level 4 spell: Martyr's Knell
 15484 | D:12     | Reached ***** piety under Vehumet
 15484 | D:12     | Offered knowledge of Freezing Cloud by Vehumet.
 15882 | D:12     | Found a runed translucent door.
 16383 | D:12     | Reached skill level 10 in Spellcasting
 16590 | D:12     | Noticed a fire giant
 16603 | D:12     | Killed from afar by a fire giant

Illustrated notes

Levels and vault maps discovered:
D:1:      lightli_arrival_chessboard, layout_basic, grunt_decor_arrowhead
D:2:      layout_basic, serial_shops, nicolae_shop_advertising_works
          [nicolae_subvault_shop_adworks], dilly_guarded_unrand_morg,
          uniq_terence
D:3:      layout_rooms, serial_shops, shop, shop_statue, nicolae_square_shop,
          nicolae_shop_trees, ebering_ecumenical_altar_webs,
          grunt_ministairs_11, lemuel_flame_loot_1
D:4:      layout_loops_ring, gammafunk_temple_overflow_claw, serial_shops,
          nicolae_shop_tiny_real_fake_doors
D:5:      layout_loops_corners, temple_statues, uniq_menkaure
D:6:      layout_basic, ebering_ghost_sewer_d,
          amcnicky_mini_rare_corridor_liquid, uniq_grinder
D:7:      layout_basic, uniq_maggie
D:8:      layout_gridville, ebering_ghost_gozag, enter_bailey_5, uniq_pikel
D:9:      layout_small_grid, mainiacjoe_overflow_catwalk,
          mainiacjoe_overflow_24_doors, evilmike_butchery
D:10:     layout_basic, david_orc_5, hex_large, hangedman_incinerator
D:11:     layout_basic, lair_entry_dummy, serial_co_window_serial,
          co_window_paths_a, co_window_paths_a, co_window_paths_b,
          co_window_of_opportunity_a, co_window_paths_b, co_window_cross_2,
          co_window_broadway_c, co_window_cross_2, glass_columns_a,
          glass_columns_b, glass_columns_a, glass_columns_a,
          portal_ice_cave_entry_animals_and_master, uniq_josephine, uniq_snorg
D:12:     layout_roguey, lightli_airlock

Skill      XL: |  1  2  3  4  5  6  7  8  9 10 11 12 13 |
---------------+----------------------------------------+-----
Spellcasting   | 5 6 7 8 9 10 | 10.0
Invocations    | 1 2 3 4 5 6 7 8 9 |  9.5
Fighting       | 1 2 3 5 6 7 8 |  8.6
Short Blades   | 1 2 3 5 6 7 8 |  8.6
Long Blades    | 1 2 3 5 6 7 8 |  8.6
Axes           | 1 2 3 5 6 7 8 |  8.6
Maces & Flails | 1 2 3 5 6 7 8 |  8.6
Polearms       | 1 2 3 5 6 7 8 |  8.6
Staves         | 1 2 3 5 6 7 8 |  8.6
Ranged Weapons | 1 2 3 5 6 7 8 |  8.6
Throwing       | 1 2 3 5 6 7 8 |  8.6
Armour         | 1 2 3 5 6 7 8 |  8.6
Shields        | 1 2 3 5 6 7 8 |  8.6
Unarmed Combat | 1 2 3 5 6 7 8 |  8.6
Evocations     | 1 2 3 5 6 7 8 |  8.6
Shapeshifting  | 1 2 3 4 5 6 7 |  7.9
Conjurations   | 1 2 3 4 5 6 7 |  7.2
Hexes          | 1 2 3 4 5 6 7 |  7.2
Necromancy     | 1 2 3 4 5 6 7 |  7.2
Translocations | 1 2 3 4 5 6 7 |  7.2
Fire Magic     | 1 2 3 4 5 6 7 |  7.2
Ice Magic      | 1 2 3 4 5 6 7 |  7.2
Air Magic      | 1 2 3 4 5 6 7 |  7.2
Earth Magic    | 1 2 3 4 5 6 7 |  7.2
Alchemy        | 1 2 3 4 5 6 7 |  7.2
Dodging        | 5 6 7 8 9 |  9.8
Stealth        | 5 6 7 8 9 |  9.7
Summonings     | 8 9 10 | 10.2

Action                     |  1- 3 |  4- 6 |  7- 9 | 10-12 | 13-15 || total
---------------------------+-------+-------+-------+-------+-------++-------
  Melee: Unarmed           |    94 |    15 |       |       |       ||   109
         Bite              |    14 |    14 |    20 |    59 |    21 ||   128
         Punch             |     1 |     1 |       |       |       ||     2
         Dagger            |       |   134 |   211 |   500 |   146 ||   991
   Cast: Summon Small Mamm |    14 |       |     5 |    12 |       ||    31
         Call Imp          |    26 |    21 |    22 |    46 |     9 ||   124
         Call Canine Famil |       |     4 |    13 |    25 |     3 ||    45
         Necrotise         |       |       |     4 |     4 |       ||     8
         Sting             |       |       |     1 |     5 |       ||     6
         Mephitic Cloud    |       |       |       |     7 |       ||     7
         Summon Lightning  |       |       |       |    14 |     3 ||    17
         Sticky Flame      |       |       |       |    13 |     8 ||    21
         Arcjolt           |       |       |       |    17 |    10 ||    27
         Martyr's Knell    |       |       |       |       |     1 ||     1
  Evoke: Wand              |       |       |       |     3 |       ||     3
    Use: Scroll            |       |     3 |     2 |     3 |     2 ||    10
         Potion            |       |       |       |    11 |       ||    11
   Stab: Sleeping          |     2 |     9 |    19 |     3 |       ||    33
         Distracted        |       |       |     3 |     5 |     3 ||    11
         Confused          |       |       |       |     7 |       ||     7
 Armour: Robe              |    67 |    24 |       |       |       ||    91
         Ring mail         |       |    70 |   119 |   270 |    87 ||   546
         Ice dragon scales |       |       |       |   117 |       ||   117
  Dodge: Dodged            |    97 |    68 |   101 |   204 |    52 ||   522
  Block: Buckler           |       |    10 |    40 |   176 |    65 ||   291
         Reflection        |       |       |       |     4 |       ||     4
